 Dungeon Crawl Stone Soup version 0.26.1-2-gb8aa6d0cf2 (webtiles) character file.

Game seed: 3367511440198036126

62 Descartes the Sneak (level 4, -13/21 HPs)
             Began as a Vine Stalker Enchanter on Feb 21, 2021.
             Killed by divine providence
             ... invoked by an orc priest
              (15 damage)
             ... on level 3 of the Dungeon.
             The game lasted 00:05:26 (2859 turns).

Descartes the Sneak (Vine Stalker Enchanter)        Turns: 2859, Time: 00:05:27

Health: -13/21     AC:  5    Str: 11    XL:     4   Next: 8%
Magic:  0/8        EV: 12    Int: 21    God:
Gold:   151        SH:  0    Dex: 18    Spells: 3/7 levels left

rFire    . . .     SeeInvis .   a - +1 dagger
rCold    . . .     Faith    .   (no shield)
rNeg     . . .     Spirit   +   b - +0 robe
rPois    .         Reflect  .   (no helmet)
rElec    .         Harm     .   g - +0 cloak
rCorr    .         Rampage  .   x - +1 pair of gloves {Dex+3}
Will     .....     Rnd*Tele +   (no boots)
Stlth    +++.......             (no amulet)
HPRegen  0.47/turn              o - ring of teleportation (curse)
MPRegen  0.11/turn              u - +6 ring of intelligence

@: no status effects
A: fangs 2, regeneration 1, magic shield, antimagic bite, no potion heal 3
a: no special abilities


You were on level 3 of the Dungeon.
You visited 1 branch of the dungeon, and saw 3 of its levels.

You collected 151 gold pieces.

Inventory:

Hand Weapons
 a - a +1 dagger (weapon)
Missiles
 c - 86 stones
 d - 20 bolts
 l - 51 arrows
 p - 7 poisoned darts
 t - 31 sling bullets
 w - 4 curare-tipped darts
Armour
 b - a +0 robe (worn)
 g - a +0 cloak (worn)
 v - a +0 pair of gloves
 x - a +1 pair of gloves of dexterity (worn)
Jewellery
 o - a cursed ring of teleportation (left hand)
 u - a +6 ring of intelligence (right hand)
Scrolls
 e - a scroll of fog {unknown}
 f - 3 scrolls of remove curse {unknown}
 j - a scroll of fear {unknown}
 k - 2 scrolls of identify {unknown}
 m - a scroll of enchant armour {unknown}
 r - 2 scrolls of immolation {unknown}
 s - a scroll of enchant weapon {unknown}
 y - 2 scrolls of teleportation {unknown}
Potions
 h - a potion of flight {unknown}
 i - 2 potions of brilliance
 n - 2 potions of curing {unknown}
 q - a potion of cancellation {unknown}


   Skills:
 + Level 2.2 Short Blades
 - Level 1.5 Dodging
 + Level 4.8 Stealth
 + Level 2.4 Spellcasting
 + Level 3.2 Hexes


You had 3 spell levels left.
You knew the following spells:

 Your Spells              Type           Power        Failure   Level
a - Confusing Touch       Hex            16%          12%         3
b - Corona                Hex            17%          3%          1

Your spell library contained the following spells:

 Spells                   Type           Power        Failure   Level
 Ensorcelled Hibernation  Hex/Ice        18%          11%         2
 Tukima's Dance           Hex            16%          12%         3
 Dazzling Flash           Conj/Hex       18%          22%         3


Dungeon Overview and Level Annotations

Branches:
Dungeon (3/15)

Altars:

Annotations:
D:3 1 transporter, beardedkeet's ghost, amateur BaFi


Innate Abilities, Weirdness & Mutations

You have extremely sharp teeth.
Your natural rate of healing is unusually fast.
When hurt, damage is shared between your health and your magic reserves.
Your bite disrupts and absorbs the magic of your enemies.
Potions cannot restore your health.


Message History

Confirm with . or Enter, or press ? or * to list all spells.
The spell is extremely dangerous to cast (12% risk of failure)!
Continue anyway? [Y]es or [N]o only, please.
The spell is extremely dangerous to cast (12% risk of failure)!
Continue anyway?
Your hands begin to glow red.
The orc hits you with a +0 whip.
You hit the orc but do no damage.
The orc appears confused.
The orc is heavily wounded.
The orc priest calls down the wrath of Beogh upon you.
Beogh smites you!
* * * LOW HITPOINT WARNING * * *
You catch the helpless orc completely off-guard!
You puncture the orc!
You kill the orc!
You hit the orc. You bite the orc. You drain its power.
You feel invigorated.
The orc is severely wounded.
The orc barely misses you.
The orc priest calls down the wrath of Beogh upon you.
Beogh smites you!
Ouch! That really hurt!
You die...

.##.###### #.#
.##.# #.# .##.#
#.# .. ....#
#.############..
.####
#...............
.#
########.......©
.# #.####### ##
########.#.....Z
#....@oo.#W.....
#.######.#Z.##..
#..#Z.# .
#oo#..# ...#....
.#..#..##..
#.#..#..# . .
...#..# ..
.#.#.n.


You could see an orc priest, beardedkeet's ghost, an orc, a bullfrog skeleton
and a howler monkey skeleton.

Vanquished Creatures
  An adder (D:2)
  An ooze (D:1)
  2 leopard geckos (D:1)
  3 orcs (D:3)
  5 bats
  A giant cockroach (D:1)
  7 goblins
  9 hobgoblins
  5 kobolds
  2 frilled lizards
  A rat (D:3)
37 creatures vanquished.

Notes
Turn   | Place    | Note
-------+----------+-------------------------------------------
     0 | D:1      | Descartes the Vine Stalker Enchanter began the quest for
                  | the Orb.
     0 | D:1      | Reached XP level 1. HP: 9/9 MP: 4/4
    78 | D:1      | Reached skill level 1 in Short Blades
   270 | D:1      | Reached skill level 4 in Stealth
   270 | D:1      | Reached XP level 2. HP: 11/13 MP: 3/6
   875 | D:1      | Reached XP level 3. HP: 16/16 MP: 7/7
   928 | D:1      | Learned a level 3 spell: Confusing Touch
  2788 | D:3      | Gained mutation: Your natural rate of healing is unusually
                  | fast. [Vine Stalker growth]
  2788 | D:3      | Reached XP level 4. HP: 10/21 MP: 6/8
  2835 | D:3      | Found a transporter.
  2835 | D:3      | Noticed beardedkeet's ghost (amateur BaFi)
  2841 | D:3      | Noticed a necrophage
  2859 | D:3      | Killed from afar by an orc priest

Illustrated notes

Levels and vault maps discovered:
D:1:      moated_graveyard_arrival, layout_basic
D:2:      layout_basic
D:3:      layout_loops_corners, gammafunk_ghost_mausoleum

Skill      XL: |  1  2  3 |
---------------+----------+-----
Short Blades   | 1 2 |  2.2
Stealth        | 4 |  4.8
Dodging        | |  1.5
Spellcasting   | |  2.4
Hexes          | |  3.2

Action                   |  1- 3 |  4- 6 || total
-------------------------+-------+-------++-------
Melee: Dagger            |   112 |    14 ||   126
       Bite              |    13 |     6 ||    19
 Cast: Confusing Touch   |     2 |     1 ||     3
  Use: Potion            |     2 |       ||     2
 Stab: Sleeping          |    15 |       ||    15
       Confused          |     1 |     1 ||     2
Armor: Robe              |    23 |     3 ||    26
Dodge: Dodged            |    60 |     7 ||    67
